 Dungeon Crawl Stone Soup version 0.28-a0-461-g2dc4ca5097 (webtiles) character file.

Game seed: 7121052317742912027

77 flotson the Sneak (level 4, 0/29 HPs)
             Began as a Kobold Delver on Sept 13, 2021.
             Killed from afar by Natasha (3 damage)
             ... with a magic dart
             ... on level 3 of the Dungeon.
             The game lasted 00:03:43 (1941 turns).

flotson the Sneak (Kobold Delver)                   Turns: 1941, Time: 00:03:43

Health: 0/29       AC:  4    Str: 13 (16) XL:     4   Next: 60%
Magic:  4/4        EV: 29    Int:  8 (11) God:
Gold:   102        SH:  0    Dex: 13 (16) Spells: 3/3 levels left

rFire   . . .      SeeInvis .   a - +0 short sword
rCold   . . .      Faith    .   (shield restricted)
rNeg    . . .      Spirit   .   d - +0 leather armour
rPois   .          Reflect  .   (no helmet)
rElec   .          Harm     .   (no cloak)
rCorr   .          Rampage  .   (no gloves)
Will    .....                   l - +0 pair of boots
Stlth   ++++......              n - amulet of the acrobat
HPRegen 0.09/turn               f - +6 ring of strength
MPRegen 0.09/turn               (no ring)

@: brilliant, acrobatic
A: small, no large weapons, nightstalker 3
a: no special abilities


You were on level 3 of the Dungeon.
You visited 1 branch of the dungeon, and saw 5 of its levels.

You collected 102 gold pieces.

Inventory:

Hand Weapons
 a - a +0 short sword (weapon)
 b - a +0 hunting sling
Missiles
 i - 12 stones
 k - 5 boomerangs (quivered)
Armour
 d - a +0 leather armour (worn)
 l - a +0 pair of boots (worn)
Jewellery
 f - a +6 ring of strength (left hand)
 n - an amulet of the acrobat (around neck)
Wands
 g - a wand of digging (2)
Scrolls
 c - 2 scrolls of fog
Potions
 e - a potion of degeneration


   Skills:
 + Level 4.1 Fighting
 - Level 2.6 Short Blades
 + Level 0.7 Throwing
 + Level 1.5 Armour
 + Level 3.5 Dodging
 - Level 6.6 Stealth


You had 3 spell levels left.
You didn't know any spells.
Your spell library was empty.

Dungeon Overview and Level Annotations

Branches:
Dungeon (5/15)
 Temple: D:4-7

Altars:

Annotations:
D:3 Jessica, Natasha
D:4 Eustachio


Innate Abilities, Weirdness & Mutations

You are small and have problems with some larger weapons.
You are completely attuned to the shadows.


Message History

Aim: a worm (heavily wounded, 79% to hit)
You throw a boomerang.
The boomerang hits the worm but does no damage.
The worm is heavily wounded.
Natasha hisses angrily.
You hit the worm.
The worm is heavily wounded.
Unknown command.
It was a potion of degeneration.
There was something very wrong with that liquid.
You feel weakened.
You feel dopey.
You feel clumsy.
A goblin comes into view. It is wielding a +0 club.
Natasha mumbles some strange words.
The worm closely misses you.
The goblin shouts!
It was a potion of magic.
Magic courses through your body.
Natasha zaps a wand.
The puff of flame hits you!
It was a potion of brilliance.
You feel clever all of a sudden. The worm barely misses you.
Unknown command.
Aiming: Dig
Press: ? - help, Shift-Dir - straight line, p - worm A rock wall.
The rock shatters into small pieces.
Natasha casts a spell at you. You resist with some effort.
The worm completely misses you. Natasha claws you.
* * * LOW HITPOINT WARNING * * *
There is a stone staircase leading down here.
Natasha zaps a wand.
The puff of flame hits you.
* * * LOW HITPOINT WARNING * * *
You climb downwards.
The white imp disappears in a puff of smoke!
Found a scroll labelled PUPTYI YZEASOE.
There is a stone staircase leading up here.
Natasha casts a spell at you. The magic dart hits you.
You die...

#..
###..###
........###
...........
@.....@.#
....h...#
....<...#
........#
........#
.########


You could see Natasha.

Vanquished Creatures
  A centaur skeleton (D:4)
  Natasha (D:2)
  2 dart slugs (D:1)
  3 bats
  An endoplasm (D:1)
  2 goblins (D:1)
  3 hobgoblins (D:1)
  2 quokkas (D:1)
  2 frilled lizards
  2 kobolds (D:1)
  6 rats
25 creatures vanquished.

Notes
Turn   | Place    | Note
-------+----------+-------------------------------------------
     0 | D:5      | flotson the Kobold Delver began the quest for the Orb.
     0 | D:5      | Reached XP level 1. HP: 14/14 MP: 1/1
     6 | D:5      | Noticed a scorpion
     7 | D:5      | Noticed a hound
    10 | D:5      | Noticed an iguana
    22 | D:5      | Noticed an ogre
    35 | D:5      | Noticed a gnoll sergeant
   218 | D:4      | Reached skill level 1 in Armour
   218 | D:4      | Reached XP level 2. HP: 20/20 MP: 2/2
   218 | D:4      | Reached XP level 3. HP: 24/24 MP: 3/3
   221 | D:4      | Noticed Eustachio
   658 | D:1      | Found a faded altar of an unknown god.
   889 | D:1      | Reached XP level 4. HP: 29/29 MP: 4/4
  1405 | D:2      | Noticed Natasha
  1411 | D:2      | Killed Natasha
  1530 | D:2      | Noticed Natasha
  1939 | D:3      | Noticed Jessica
  1941 | D:3      | Killed from afar by Natasha

Illustrated notes

Levels and vault maps discovered:
D:1:      minmay_arrival_four_houses, layout_loops_ring, basic_ecumenical_altar,
          hangedman_decor_peaks_small
D:2:      layout_loops_cross, uniq_natasha
D:3:      layout_loops_ring, tgw_kikubaaqudgha, serial_shops, shop_statue,
          uniq_jessica
D:4:      layout_loops_ring, xom_redecorated, serial_shops, shop, uniq_pikel,
          uniq_eustachio
D:5:      layout_cave_pools, general_overflow_altar, serial_shops,
          nicolae_shop_temple_entry_statues_fountains, grunt_decor_fettered

Skill      XL: |  1  2  3 |
---------------+----------+-----
Armour         | 1 |  1.5
Dodging        | 3 |  3.5
Fighting       | 4 |  4.1
Short Blades   | |  2.6
Throwing       | |  0.7
Stealth        | |  6.6

Action                   |  1- 3 |  4- 6 || total
-------------------------+-------+-------++-------
Melee: Short sword       |    40 |    11 ||    51
 Fire: Hunting sling     |     5 |    20 ||    25
Throw: Boomerang         |       |     5 ||     5
Evoke: Wand              |       |     1 ||     1
  Use: Scroll            |     3 |     1 ||     4
       Potion            |     1 |     3 ||     4
 Stab: Sleeping          |     8 |     2 ||    10
Armor: Leather armour    |     5 |     4 ||     9
Dodge: Dodged            |    39 |    13 ||    52

Table legend: (Time is in decaauts)
 A = Elapsed time spent in this place.
 B = Non-inter-level travel time spent in this place.
 C = Inter-level travel time spent in this place.
 D = Time resting spent in this place.
 E = Time spent auto-exploring this place.
 F = Levels seen in this place.
 G = Mean time per level.
                   A        B        C        D        E       F      G
               +--------+--------+--------+--------+--------+-----+--------+
         Total |   1936 |   1903 |     33 |      0 |   1610 |   5 |  387.2 |
       Dungeon |   1936 |   1903 |     33 |      0 |   1610 |   5 |  387.2 |
               +--------+--------+--------+--------+--------+-----+--------+

Top non-repeatable levels by time:
     D:1: 1050 daAuts
     D:2: 600 daAuts
     D:4: 185 daAuts
     D:3: 64 daAuts
     D:5: 37 daAuts
